 Dungeon Crawl Stone Soup version 0.21.1-1-g345015fe64 (webtiles) character file.

18603 Gargoyl the Cleaver (level 12, -18/100 HPs)
             Began as a Centaur Abyssal Knight on Feb 24, 2018.
             Was a High Priest of Lugonu.
             Demolished by a dire elephant simulacrum (38 damage)
             ... on level 3 of the Lair of Beasts.
             The game lasted 00:32:00 (18431 turns).

Gargoyl the Cleaver (Centaur Abyssal Knight)       Turns: 18431, Time: 00:32:00

Health: -18/100    AC: 20    Str: 21    XL:     12   Next: 29%
Magic:  15/15      EV:  2    Int: 11    God:    Lugonu [*****.]
Gold:   787        SH: 20    Dex: 11    Spells: 11/11 levels left

rFire    . . .     SeeInvis .   s - +1 war axe
rCold    . . .     Gourm    .   D - +0 shield
rNeg     . . .     Faith    .   T - +0 crystal plate armour
rPois    .         Spirit   .   p - +0 helmet
rElec    .         Reflect  +   G - +1 cloak {MR+}
rCorr    .         Harm     .   q - +0 pair of gloves
MR       ++...                  (no barding)
Stlth    ..........             z - +6 amulet of reflection
HPRegen  0.26/turn              e - ring of protection from magic
MPRegen  0.14/turn              w - +3 ring of strength

@: very quick
A: large, hooves 3, large bone plates 1, deformed body, speed 2, low mp 2, tough
skin 3, sturdy frame 1
a: Depart the Abyss, Bend Space, Banish, Corrupt, Enter the Abyss, Renounce
Religion


You were on level 3 of the Lair of Beasts.
You worshipped Lugonu.
Lugonu was extremely pleased with you.
You were very hungry.

You visited 2 branches of the dungeon, and saw 14 of its levels.
You visited the Abyss 1 time.
You also visited: Sewer.

You collected 869 gold pieces.
You spent 82 gold pieces at shops.

Inventory:

Hand Weapons
 s - a +1 war axe (weapon)
 A - a +3 hand axe
Missiles
 m - 13 javelins (quivered)
Armour
 p - a +0 helmet (worn)
 q - a +0 pair of gloves (worn)
 D - a +0 shield (worn)
 G - a +1 cloak of magic resistance (worn)
 T - a +0 crystal plate armour (worn)
Jewellery
 e - a ring of protection from magic (left hand)
 w - a +3 ring of strength (right hand)
 z - a +6 amulet of reflection (around neck)
 F - an uncursed ring of resist corrosion
 M - a cursed -2 ring of strength
Wands
 g - a wand of iceblast (16)
 l - a wand of digging (37)
 t - a wand of disintegration (18)
 v - a wand of paralysis (26)
 C - a wand of polymorph (25)
 E - a wand of flame (18)
 K - a wand of acid (14)
Scrolls
 b - 2 scrolls of teleportation
 d - 4 scrolls of remove curse
 o - 7 scrolls of identify
 r - 2 scrolls of fog
 y - 8 scrolls of magic mapping
 B - a scroll of enchant armour
 I - 3 scrolls of noise {unknown}
 J - a scroll of amnesia {unknown}
 N - a scroll of blinking
 O - a scroll of fear {unknown}
 P - a scroll of summoning {unknown}
Potions
 a - a potion of berserk rage
 f - 4 potions of flight
 h - 2 potions of magic
 i - 8 potions of curing
 j - 2 potions of haste
 k - a potion of heal wounds
 n - 3 potions of lignification
 u - a potion of resistance
 x - 2 potions of cancellation {unknown}
 Q - a potion of ambrosia {unknown}
Books
 H - a book of Necromancy

   Spells                             Type                      Level
   a - Pain                           Necromancy                   1
   b - Animate Skeleton               Necromancy                   1
   c - Vampiric Draining              Necromancy                   3
   d - Regeneration                   Charms/Necromancy            3
   e - Animate Dead                   Necromancy                   4
   f - Borgnjor's Vile Clutch         Necromancy/Earth             5
 L - a book of Maledictions

   Spells                             Type                      Level
   a - Corona                         Hexes                        1
   b - Ensorcelled Hibernation        Hexes/Ice                    2
   c - Confuse                        Hexes                        3
   d - Tukima's Dance                 Hexes                        3
   e - Dazzling Spray                 Conjuration/Hexes            3
 S - a book of Clouds

   Spells                             Type                      Level
   a - Poisonous Vapours              Poison/Air                   2
   b - Mephitic Cloud                 Conjuration/Poison/Air       3
   c - Conjure Flame                  Conjuration/Fire             3
   d - Freezing Cloud                 Conjuration/Ice/Air          6
   e - Ring of Flames                 Charms/Fire                  7
Comestibles
 c - 27 rations


   Skills:
 + Level 7.3 Fighting
 + Level 10.3 Axes
 + Level 0.9 Throwing
 * Level 9.0 Armour
 + Level 1.3 Dodging
 + Level 5.5 Shields
 * Level 9.3 Invocations
 + Level 0.3 Evocations


You had 11 spell levels left.
You didn't know any spells.

Dungeon Overview and Level Annotations

Branches:
Dungeon (10/15)            Temple (0/1) D:4            Lair (4/6) D:10
 Spider (0/4) Lair:2          Orc (0/2) D:10
  Swamp: Lair:2-4    Shoals: Lair:2-4

Altars:
Fedhas

Shops:
D:4 ?

Annotations:
Lair:3 1 transporter


Innate Abilities, Weirdness & Mutations

You have hooves in place of feet.
Armour fits poorly on your strangely shaped body.
You cover ground very quickly.
You have extremely tough skin. (AC +3)
You are partially covered in large bone plates. (SH +4)
Your magical capacity is very low. (-20% MP)
Your movements are slightly less encumbered by armour. (ER -2)


Message History

The dire elephant simulacrum trunk-slaps you but does no damage.
You slash the dire elephant simulacrum!
You kick the dire elephant simulacrum, but do no damage.
The dire elephant simulacrum is heavily damaged.
You block the dire elephant simulacrum's attack.
The dire elephant simulacrum trunk-slaps you!
The dire elephant simulacrum freezes you!!
You hit the dire elephant simulacrum. You kick the dire elephant simulacrum!
The dire elephant simulacrum is almost destroyed.
You hit the dire elephant simulacrum.
You kick the dire elephant simulacrum, but do no damage.
The dire elephant simulacrum is almost destroyed.
You block the dire elephant simulacrum's attack.
The dire elephant simulacrum trunk-slaps you but does no damage.
You hit the dire elephant simulacrum.
The dire elephant simulacrum is almost destroyed.
The dire elephant simulacrum tramples you!
* * * LOW HITPOINT WARNING * * *
The dire elephant simulacrum freezes you!!!
You die...

.................................
#..............................F.
##..........................>....
........#######..................
........#§§§§§########...........
..#.....#§§§§§#§§§§§§#...........
........#§§§§§#§§§§§§#........
..#.....#?%§§§§.#.#§§#........
.......©#©)§§§§.@.©§§#©.......
.##.....#/[§§§'Z#.#.§#........
###.....#§§§§§#§§§§§§#........
.P#.....#§§§§§#§§§§§§#........
........#§§§§ ########........
........#######...............
..............................
.......P......................
........P.######......


You could see a dire elephant simulacrum.

Vanquished Creatures
  4 two-headed ogres
  A death yak (Lair:3)
  A cyclops (D:8)
  Maurice (D:9)
  3 black mambas
  A torpor snail (Lair:3)
  A rime drake (Lair:1)
  A komodo dragon (Lair:4)
  5 spiny frogs
  An anaconda simulacrum (Lair:3)
  The ghost of Gargoyl the Skirmisher, an amateur CeAK of Lugonu (D:3)
  A hippogriff (Lair:2)
  12 blink frogs
  A wyvern (D:8)
  17 yaks
  A basilisk (Lair:1)
  6 water moccasins
  3 porcupines
  3 sky beasts
  4 orc warriors
  A black bear (Lair:2)
  An ice beast (D:10)
  A centaur (D:5)
  3 ogres
  4 crocodiles
  4 big kobolds
  14 bullfrogs
  A spiny frog simulacrum (Lair:3)
  3 scorpions (Lair:2)
  3 killer bees (D:7)
  2 howler monkeys
  2 crimson imps
  A quasit (D:9)
  3 bullfrog zombies
  3 hounds
  2 jellies
  6 orc priests
  6 orc wizards
  Ijyb (D:5)
  An iguana (D:6)
  9 worker ants
  A killer bee zombie (D:5)
  A hound zombie (D:7)
  2 porcupine simulacra (Lair:3)
  3 hound skeletons
  Robin (D:4)
  A howler monkey skeleton (D:5)
  A worker ant zombie (D:9)
  4 gnolls (D:2)
  13 adders
  A crocodile simulacrum (Lair:3)
  A river rat (Sewer)
  5 shadow imps
  2 adder zombies (D:8)
  An ooze (D:4)
  4 worms
  2 adder skeletons
  2 dart slugs
  5 leopard geckos
  39 orcs
  2 ball pythons
  7 bats
  12 giant cockroaches
  19 goblins
  7 hobgoblins
  12 jackals
  2 quokkas
  A ball python skeleton (D:4)
  2 frilled lizards (D:2)
  A jackal skeleton (D:7)
  11 kobolds
  A quokka skeleton (D:8)
  A quokka zombie (D:8)
  11 rats
  A fungus (Lair:2)
318 creatures vanquished.

Vanquished Creatures (others)
  A hornet (Lair:2)
  A centaur (D:8)
  A crimson imp (D:5)
  2 bushes (Lair:4)
  4 fungi
  4 plants
13 creatures vanquished.

Grand Total: 331 creatures vanquished

Notes
Turn   | Place    | Note
-------+----------+-------------------------------------------
     0 | Abyss:1  | Gargoyl the Centaur Abyssal Knight began the quest for the Orb.
     0 | Abyss:1  | Reached XP level 1. HP: 19/19 MP: 2/2
    78 | Abyss:2  | Noticed a red ugly thing
    79 | Abyss:2  | Noticed a red very ugly thing
    82 | D:1      | Escaped the Abyss
   235 | D:1      | Reached XP level 2. HP: 24/26 MP: 3/3
   327 | D:1      | Reached * piety under Lugonu
   338 | D:1      | Reached skill level 2 in Axes
   749 | D:1      | Reached XP level 3. HP: 31/31 MP: 5/5
  1244 | D:2      | Reached XP level 4. HP: 31/38 MP: 6/6
  2123 | D:2      | Reached XP level 5. HP: 45/45 MP: 7/7
  2136 | D:3      | Noticed a sky beast
  2423 | D:3      | Reached ** piety under Lugonu
  2503 | D:3      | Noticed Gargoyl's ghost (amateur CeAK)
  2538 | D:3      | Killed Gargoyl's ghost
  2538 | D:3      | Reached skill level 3 in Axes
  2538 | D:3      | Reached XP level 6. HP: 46/52 MP: 8/8
  2734 | D:3      | Killed a sky beast
  3335 | D:3      | Reached skill level 1 in Dodging
  3532 | D:3      | Reached XP level 7. HP: 58/58 MP: 9/9
  4025 | D:4      | Found Jarevul's Magic Scroll Boutique.
  4034 | D:4      | Reached *** piety under Lugonu
  4043 | D:4      | Bought a scroll of enchant weapon for 82 gold pieces
  4093 | D:4      | Noticed Robin
  4097 | D:4      | Killed Robin
  4255 | D:4      | Found a glowing drain.
  4268 | Sewer    | Entered a sewer
  4444 | Sewer    | Reached skill level 4 in Axes
  4467 | Sewer    | Found a white marble altar of Elyvilon.
  4935 | D:4      | Found a staircase to the Ecumenical Temple.
  5088 | D:5      | Entered Level 5 of the Dungeon
  5449 | D:5      | Gained mutation: You do not regenerate when monsters are visible. [potion of mutation]
  5449 | D:5      | Gained mutation: You can translocate small distances at will. [potion of mutation]
  5467 | D:5      | Noticed Ijyb
  5480 | D:5      | Killed Ijyb
  5921 | D:5      | Reached XP level 8. HP: 66/66 MP: 11/11
  5926 | D:5      | Reached skill level 5 in Axes
  6129 | D:6      | Lost mutation: You can translocate small distances at will. [potion of mutation]
  6129 | D:6      | Lost mutation: You do not regenerate when monsters are visible. [potion of mutation]
  6129 | D:6      | Gained mutation: Your magical capacity is low. (-10% MP) [potion of mutation]
  6129 | D:6      | Gained mutation: You are weak. (Str -2) [potion of mutation]
  6129 | D:6      | Gained mutation: You are agile. (Dex +2) [potion of mutation]
  6129 | D:6      | Gained mutation: You can translocate small distances at will. [potion of mutation]
  6238 | D:6      | Reached skill level 5 in Armour
  6252 | D:6      | Lost mutation: Your magical capacity is low. (-10% MP) [potion of mutation]
  6252 | D:6      | Lost mutation: You are weak. (Str -2) [potion of mutation]
  6252 | D:6      | Lost mutation: You are agile. (Dex +2) [potion of mutation]
  6252 | D:6      | Lost mutation: You can translocate small distances at will. [potion of mutation]
  6252 | D:6      | Gained mutation: Your movements are slightly less encumbered by armour. (ER -2) [potion of mutation]
  6252 | D:6      | Gained mutation: Your magical capacity is low. (-10% MP) [potion of mutation]
  6252 | D:6      | Gained mutation: Your magical capacity is very low. (-20% MP) [potion of mutation]
  6252 | D:6      | Gained mutation: You are partially covered in large bone plates. (SH +4) [potion of mutation]
  6386 | D:6      | Reached skill level 5 in Invocations
  6784 | D:7      | Reached **** piety under Lugonu
  7683 | D:7      | Reached XP level 9. HP: 71/72 MP: 10/10
  8098 | D:8      | Found a blossoming altar of Fedhas.
  8106 | D:8      | Reached skill level 6 in Axes
  8430 | D:8      | Noticed a cyclops
  8438 | D:8      | Reached ***** piety under Lugonu
  8443 | D:8      | Noticed a two-headed ogre
  8446 | D:8      | Reached skill level 5 in Fighting
  8447 | D:8      | Noticed a two-headed ogre
  8842 | D:8      | Killed a two-headed ogre
  8842 | D:8      | Reached skill level 1 in Shields
  9513 | D:7      | Killed a two-headed ogre
  9513 | D:7      | Reached skill level 7 in Axes
  9513 | D:7      | Reached XP level 10. HP: 51/81 MP: 12/12
  9652 | D:8      | Killed a cyclops
  9937 | D:9      | Noticed a two-headed ogre
  9944 | D:9      | Noticed Maurice
 10252 | D:8      | Killed a two-headed ogre
 10354 | D:9      | Killed Maurice
 10395 | D:9      | Noticed a two-headed ogre
 10710 | D:9      | Killed a two-headed ogre
 10710 | D:9      | Reached skill level 8 in Axes
 11871 | D:10     | Entered Level 10 of the Dungeon
 11897 | D:10     | Found a staircase to the Lair.
 11906 | D:10     | Found a staircase to the Orcish Mines.
 12640 | Lair:1   | Entered Level 1 of the Lair of Beasts
 12974 | Lair:1   | Reached XP level 11. HP: 63/89 MP: 13/13
 14106 | Lair:2   | Found a hole to the Spider Nest.
 14121 | Lair:2   | Reached skill level 9 in Axes
 16472 | Lair:3   | Noticed a death yak
 16939 | Lair:4   | Reached skill level 5 in Shields
 17205 | Lair:4   | Noticed a seven-headed hydra
 17206 | Lair:4   | Banished a seven-headed hydra
 17206 | Lair:4   | Reached XP level 12. HP: 97/97 MP: 15/15
 17250 | Lair:4   | Reached skill level 10 in Axes
 17829 | Lair:3   | Killed a death yak
 18175 | Lair:3   | Found a transporter.
 18402 | Lair:3   | Found a transporter.
 18431 | Lair:3   | Demolished by a dire elephant simulacrum

Skill      XL: |  1  2  3  4  5  6  7  8  9 10 11 12 |
---------------+-------------------------------------+-----
Axes           | 2 3 4 5 7 8 9 10 | 10.3
Armour         | 2 3 4 5 6 7 8 9 |  9.0
Invocations    | 3 4 5 7 8 9 |  9.3
Dodging        | 1 |  1.3
Fighting       | 4 5 6 7 |  7.3
Shields        | 2 3 5 |  5.5
Throwing       | |  0.9
Evocations     | |  0.3

Action                   |  1- 3 |  4- 6 |  7- 9 | 10-12 || total
-------------------------+-------+-------+-------+-------++-------
Melee: Hand axe          |    88 |   157 |       |       ||   245
       Kick              |    15 |    30 |    97 |   176 ||   318
       War axe           |       |     5 |   445 |   647 ||  1097
Throw: Javelin           |       |       |     2 |     8 ||    10
Invok: Depart the Abyss  |     1 |       |       |       ||     1
       Banish            |       |       |     2 |     2 ||     4
Evoke: Wand              |     1 |     1 |     2 |       ||     4
  Use: Scroll            |     3 |     3 |     9 |     2 ||    17
       Potion            |     1 |     4 |     6 |     5 ||    16
 Stab: Paralysed         |       |       |     2 |       ||     2
  Eat: Chunk             |       |     7 |    15 |    24 ||    46
       Ration            |       |       |     1 |       ||     1
Armor: Leather armour    |    18 |       |       |       ||    18
       Chain mail        |    51 |   108 |    78 |       ||   237
       Plate armour      |       |       |   289 |   252 ||   541
       Skin              |       |       |       |     2 ||     2
       Crystal plate arm |       |       |       |    49 ||    49
Dodge: Dodged            |    37 |    30 |    91 |    72 ||   230
Block: Other             |       |       |    51 |       ||    51
       Shield            |       |       |    76 |   732 ||   808
       Reflection        |       |       |     1 |     6 ||     7
